 Dungeon Crawl Stone Soup version 0.30.0 (webtiles) character file.

Game seed: 7378897436651015237

349 Orter the Poker (level 6, -1/47 HPs)
             Began as a Human Gladiator on Jan 13, 2024.
             Was an Initiate of the Shining One.
             Slain by a kobold brigand
             ... wielding a +0 whip
              (2 damage)
             ... in a sewer.
             The game lasted 00:11:09 (2992 turns).

Orter the Poker (Human Gladiator)                   Turns: 2992, Time: 00:11:09

Health: -1/47      AC:  7    Str: 17    XL:     6   Next: 92%
Magic:  6/6        EV: 10    Int:  8    God:    the Shining One [......]
Gold:   132        SH:  0    Dex: 14    Spells: 5/5 levels left

rFire   + . .        a - +0 trident
rCold   x . .        (no shield)
rNeg    . . .        j - +0 scale mail
rPois   .            c - +0 helmet
rElec   .            (no cloak)
rCorr   .            (no gloves)
SInv    .            (no boots)
Will    +....        (no amulet) Stlth
                     u - ring of willpower
HPRegen 0.27/turn    l - ring of fire
MPRegen 0.10/turn

%: no passive effects
@: glowing
A: no striking features
a: Renounce Religion


You were in a sewer.
You worshipped the Shining One.
The Shining One was noncommittal.
You visited 1 branch of the dungeon, and saw 4 of its levels.
You also visited: Sewer.

You collected 132 gold pieces.

Inventory:

Hand Weapons
 a - a +0 trident (weapon)
 h - a +0 sling
Missiles
 d - 3 throwing nets
 f - 65 stones
Armour
 c - a +0 helmet (worn)
 j - a +0 scale mail (worn)
 o - a +0 pair of gloves
Magical Staves
 r - a staff of poison
Jewellery
 i - a +6 ring of intelligence
 l - a ring of fire (right hand)
 u - a ring of willpower (left hand)
Wands
 t - a wand of paralysis (11)
 w - a wand of mindburst (17) (quivered)
Scrolls
 b - a scroll of teleportation {unknown}
 g - a scroll of immolation
 k - a scroll of magic mapping
 n - a scroll of torment
 q - a scroll of enchant armour
Potions
 m - a potion of berserk rage
 p - a potion of ambrosia
 v - a potion of lignification {unknown}
 x - a potion of brilliance {unknown}
 z - a potion of cancellation {unknown}


   Skills:
 + Level 3.0 Fighting
 + Level 5.7 Polearms
 + Level 2.2 Throwing
 + Level 2.5 Armour
 + Level 3.5 Dodging


You had 5 spell levels left.
You didn't know any spells.
Your spell library contained the following spells:

 Spells                   Type           Power      Damage    Failure   Level
 Cigotuvi's Dreadful Rot  Necr/Pois/Air  0%         N/A       91%         2
 Ignite Poison            Fire/Tmut/Pois 0%         N/A       99%         3
 Vhi's Electric Charge    Tloc/Air       0%         N/A       99%         3
 Manifold Assault         Tloc           0%         N/A       100%        4
 Arcjolt                  Conj/Air       0%         1d10      100%        5
 Freezing Cloud           Conj/Ice/Air   0%         6-21      100%        5
 Dispersal                Tloc           0%         N/A       100%        6
 Plasma Beam              Fire/Air       0%         2x1d11    100%        6
 Disjunction              Tloc           0%         N/A       100%        8


Dungeon Overview and Level Annotations

Branches:
Dungeon (4/15)              Sewer (1/1)
 Temple: D:4-7

Altars:
Sif Muna
The Shining One

Shops:
D:4 !


Message History

You closely miss the kobold brigand.
The kobold brigand is severely wounded.
The kobold brigand hits you but does no damage.
The kobold brigand hits you with a +0 whip.
You barely miss the kobold brigand.
The kobold brigand is severely wounded.
The kobold brigand hits you with a +0 short sword.
* * * LOW HITPOINT WARNING * * *
The kobold brigand hits you with a +0 whip.
* * * LOW HITPOINT WARNING * * *
Aiming: Mindburst
Press: ? - help, Q - select action, (/) - cycle Shift-Dir - straight line, f - kobold brigand
Aim: a kobold brigand, wielding a +0 short sword and quivering curare-tipped darts (severely wounded, chance to affect: 64%)
The kobold brigand's mind is blasted!
You blow up the kobold brigand!
The kobold brigand hits you but does no damage.
Your Fighting skill increases to level 3!
Aiming: Mindburst
Press: ? - help, Q - select action, (/) - cycle Shift-Dir - straight line, f - kobold brigand
Aim: a kobold brigand, wielding a +0 whip and quivering poisoned darts (chance to affect: 64%)
The kobold brigand struggles to resist.
The kobold brigand hits you but does no damage.
Aiming: Mindburst
Press: ? - help, Q - select action, (/) - cycle Shift-Dir - straight line, f/p - kobold brigand
Aim: a kobold brigand, wielding a +0 whip and quivering poisoned darts (chance to affect: 64%)
The kobold brigand struggles to resist.
The kobold brigand hits you with a +0 whip.
* * * LOW HITPOINT WARNING * * *
A ball python comes into view.
Aiming: Mindburst
Press: ? - help, Q - select action, (/) - cycle Shift-Dir - straight line, f/p - kobold brigand
Aim: a kobold brigand, wielding a +0 whip and quivering poisoned darts (chance to affect: 64%)
The kobold brigand's mind is blasted!
The ball python hisses angrily.
The kobold brigand hits you with a +0 whip.
* * * LOW HITPOINT WARNING * * *
You closely miss the kobold brigand.
The kobold brigand is moderately wounded.
The kobold brigand hits you with a +0 whip.
You die...

*~~* *~~* ### *~~* .∩#
##### *~~* ######...## ####
*~~*
####......###..###**#**#~~*
##...............#,.#.!#~~*
.....†..........)#.....#~~*
................@K..)(#*~~*
........~~.~~~~.)#.....#~~*
....~~...≈≈≈≈~~~~#,.#.!#~~*
....~.≈≈~~≈≈≈≈≈≈≈#**#**#~~*
.~.~~~≈≈≈≈≈≈S≈≈≈≈#~*~*~~~~*
~≈≈~≈≈≈≈≈≈≈≈≈≈≈≈≈≈#~*~*~~~*
~≈≈≈~≈≈≈≈≈≈≈≈≈≈≈≈#≈*~*~~~~*
.~~~.≈~≈~~~≈≈≈≈≈≈≈#≈*~*~~~*
....~~..~~~~~~~~~*~*~*~~~~*


You could see a kobold brigand and a ball python.

Vanquished Creatures
  2 kobold brigands (Sewer)
  A hound (D:4)
  Ijyb (D:3)
  Robin (D:3)
  2 adders (D:4)
  2 river rats (Sewer)
  2 worms
  A dart slug (D:1)
  9 orcs
  6 endoplasms
  3 giant cockroaches
  13 goblins
  10 hobgoblins
  4 jackals (D:1)
  4 quokkas
  8 ball pythons
  2 bats
  3 frilled lizards
  8 kobolds
  14 rats
96 creatures vanquished.

Notes
Turn   | Place    | Note
-------+----------+-------------------------------------------
     0 | D:1      | Orter the Human Gladiator began the quest for the Orb.
     0 | D:1      | Reached XP level 1. HP: 16/16 MP: 1/1
    70 | D:1      | Reached XP level 2. HP: 22/22 MP: 2/2
   424 | D:1      | Reached XP level 3. HP: 5/27 MP: 3/3
  1050 | D:2      | Reached skill level 1 in Armour
  1254 | D:2      | Reached XP level 4. HP: 33/33 MP: 4/4
  1340 | D:2      | Reached skill level 4 in Polearms
  1729 | D:3      | Found a shimmering blue altar of Sif Muna.
  1831 | D:3      | Found a glowing golden altar of the Shining One.
  1834 | D:3      | Became a worshipper of the Shining One
  1854 | D:3      | Found a faded altar of an unknown god.
  1974 | D:3      | Noticed Robin
  1975 | D:3      | Noticed Ijyb
  1981 | D:3      | Paralysed by Ijyb for 4 turns
  1989 | D:3      | Killed Ijyb
  1990 | D:3      | Reached XP level 5. HP: 24/39 MP: 5/5
  2000 | D:3      | Killed Robin
  2568 | D:4      | Found Unowist's Distillery.
  2711 | D:4      | Found a glowing drain.
  2720 | D:4      | Reached XP level 6. HP: 42/46 MP: 6/6
  2735 | Sewer    | Entered a sewer
  2766 | Sewer    | Reached skill level 5 in Polearms
  2990 | Sewer    | HP: 2/47 [kobold brigand/+0 whip (4)]
  2992 | Sewer    | Slain by a kobold brigand

Illustrated notes

Levels and vault maps discovered:
D:1:      dpeg_arrival_morbid_curiosity, layout_loops_ring, minmay_pentomino_w2
D:2:      layout_rooms, hex_intersection
D:3:      layout_basic, mainiacjoe_overflow_paths, tso_oasis_becter,
          chequers_ecumenical_altar_grove, nicolae_goblin_pals
D:4:      layout_rooms, mainiacjoe_overflow_small_starburst,
          kennysheep_little_box, serial_shops, nicolae_take_the_stairs,
          serial_glass, glass_columns_c, glass_columns_a, portal_sewer_entry_f,
          grunt_ministairs_5, st_stairs_1
Sewer:    sewer_minmay_treatment

Skill      XL: |  1  2  3  4  5  6 |
---------------+-------------------+-----
Armour         | 1 2 |  2.5
Polearms       | 4 5 |  5.7
Fighting       | 3 |  3.0
Throwing       | |  2.2
Dodging        | |  3.5

Action                     |  1- 3 |  4- 6 || total
---------------------------+-------+-------++-------
  Melee: Trident           |   117 |   157 ||   274
         Punch             |       |     2 ||     2
  Throw: Javelin           |       |     1 ||     1
  Evoke: Wand              |       |     4 ||     4
    Use: Scroll            |       |     9 ||     9
         Potion            |       |     2 ||     2
 Armour: Leather armour    |    11 |       ||    11
         Scale mail        |    35 |    62 ||    97
  Dodge: Dodged            |    64 |    85 ||   149
